Map: [ESL] Hard Lead

Players

Gerald

  • Race: Protoss Protoss
  • Spawn Location: 5:00

Lambo - Winner!

  • Race: Zerg Zerg
  • Spawn Location: 11:00

Event: ESL SC2 Masters 2023 Winter (Regional)

VOD

Have the link to the VOD?

Description

Time

  • Played on: Nov. 4, 2023, 9:14 a.m.
  • Length: 14:00

All games in this series

Show
View Real Time Build Order
Export as new Build Order

Gerald Protoss 

Build Orders: 1 Gate Expand, Archon Immortal 

Get SALT Encoding   

  12  0:00  Probe  
  13  0:12  Probe  
  14  0:20  Pylon  
  14  0:24  Probe  
  15  0:38  Probe (Chrono Boost)  
  15  0:40  Gateway  
  16  0:47  Probe (Chrono Boost)  
  17  0:52  Assimilator, Probe (Chrono Boost)  
  18  1:04  Probe  
  19  1:16  Probe  
  20  1:25  Nexus  
  20  1:31  Probe  
  21  1:39  Cybernetics Core  
  21  1:43  Probe  
  22  1:52  Assimilator, Pylon  
  22  1:56  Probe  
  23  2:10  Probe  
  23  2:13  Adept (Chrono Boost)  
  24  2:18  Twilight Council  
  24  2:22  Probe  
  27  2:32  Warp Gate  
  27  2:33  Stalker (Chrono Boost)  
  27  2:34  Probe  
  30  2:38  Probe  
  31  2:47  Probe  
  31  2:50  Probe  
  33  2:57  Robotics Facility  
  33  2:59  Probe (Chrono Boost)  
  35  3:07  Probe (Chrono Boost)  
  35  3:10  Probe (Chrono Boost)  
  36  3:14  Assimilator  
  36  3:15  Probe (Chrono Boost)  
  36  3:16  Probe (Chrono Boost)  
  36  3:17  Assimilator  
  38  3:21  Gateway  
  38  3:25  Probe (Chrono Boost)  
  39  3:32  Templar Archives  
  40  3:36  Pylon  
  40  3:37  Probe x2 (Chrono Boost)  
  41  3:42  Probe  
  41  3:44  Probe  
  41  3:45  Warp Prism (Chrono Boost)  
  45  3:55  Probe  
  46  3:56  Probe  
  47  4:06  Pylon  
  47  4:07  Probe  
  47  4:09  Probe  
  49  4:16  Immortal  
  53  4:19  Probe  
  54  4:24  Probe, Pylon  
  54  4:29  High Templar x2  
  54  4:31  Probe  
  60  4:34  Archon  
  60  4:37  Pylon, Probe  
  61  4:40  Pylon  
  61  4:53  Immortal (Chrono Boost)  
  61  4:59  Nexus  
  65  5:06  Gateway x2  
  65  5:09  Probe x2  
  65  5:10  High Templar  
  65  5:13  High Templar  
  71  5:21  Probe  
  72  5:22  Shield Battery  
  72  5:24  Charge (Chrono Boost)  
  72  5:25  Observer  
  72  5:26  Probe  
  74  5:30  Gateway  
  74  5:34  Gateway  
  74  5:36  Psionic Storm  
  74  5:38  Probe  
  75  5:47  Immortal (Chrono Boost)  
  75  5:54  Probe  
  75  5:55  High Templar, Probe  
  83  6:04  Gateway  
  83  6:05  Pylon  
  83  6:06  Gateway, Probe  
  84  6:12  Probe  
  84  6:13  Probe  
  84  6:16  High Templar, Zealot  
  84  6:17  Zealot  
  92  6:18  Probe  
  92  6:24  Probe  
  95  6:25  Probe  
  95  6:27  Pylon  
  95  6:30  Pylon  
  95  6:35  High Templar x2, Zealot  
  95  6:39  Pylon  
  101  6:40  Archon  
  101  6:41  Zealot x2  
  101  6:44  Forge  
  105  6:50  Zealot  
  105  6:53  Blink (Chrono Boost)  
  107  6:59  Probe  
  107  7:01  Pylon  
  108  7:03  Zealot x5  
  116  7:19  Immortal  
  116  7:27  Stalker x4  
  122  7:35  Archon  
  116  7:41  Zealot x4  
  102  7:55  High Templar, Immortal (Chrono Boost)  
  104  7:58  Probe  
  104  8:02  Assimilator x2  
  104  8:04  High Templar, Zealot x2  
  104  8:05  Zealot x3  
  121  8:06  Probe  
  112  8:15  Protoss Ground Weapons Level 1 (Chrono Boost)  
  112  8:19  Probe  
  113  8:21  Probe  
  113  8:23  Zealot  
  113  8:24  Probe  
  117  8:28  Gateway  
  117  8:29  Gateway  
  117  8:30  Stalker x2  
  117  8:31  Probe  
  117  8:33  High Templar, Zealot x3  
  130  8:41  Pylon  
  130  8:42  Nexus  
  130  8:46  Immortal (Chrono Boost)  
  130  8:47  Probe x2  
  132  8:51  Probe  
  132  8:54  Stalker x2  
  141  9:02  Zealot x5  
  147  9:07  Zealot  
  147  9:09  Robotics Bay  
  127  9:18  Immortal (Chrono Boost)  
  127  9:20  Zealot x2  
  125  9:27  Zealot x2  
  125  9:28  Zealot x2  
  125  9:29  Archon  
  116  9:35  Zealot  
  116  9:36  Zealot x2  
  116  9:38  High Templar  
  110  9:43  High Templar x2  
  108  9:52  High Templar  
  108  9:57  Disruptor (Chrono Boost)  
  114  10:01  Stalker x2  
  118  10:09  Nexus  
  118  10:12  Pylon  
  118  10:17  Protoss Ground Weapons Level 2  
  118  10:21  Disruptor (Chrono Boost)  
  118  10:23  Nexus  
  122  10:34  Pylon  
  122  10:37  Stalker x2  
  122  10:38  Stalker  
  122  10:40  Nexus  
  122  10:42  Pylon  
  117  10:48  Probe (Chrono Boost)  
  119  10:53  Probe (Chrono Boost)  
  119  10:55  Disruptor  
  114  10:58  High Templar x2, Stalker  
  114  11:02  Archon  
  119  11:08  Zealot x2  
  123  11:18  Stalker x2  
  123  11:26  Zealot x3  
  123  11:30  Zealot  
  129  11:35  Zealot  
  127  11:40  Zealot  
  127  11:41  Disruptor (Chrono Boost)  
  112  11:57  Stalker x2  
  112  12:09  Zealot x2  
  112  12:14  Zealot  
  105  12:34  Stalker x2  
  101  12:45  Observer  
  91  13:04  High Templar x6  
  89  13:21  Archon  
  57  13:33  High Templar x3  
  51  13:47  Archon  
  49  13:49  Archon  
  49  13:50  Archon  
  49  13:52  Archon  
Show
View Real Time Build Order
Export as new Build Order

Lambo Zerg - Winner!

Build Orders: Hatch First 

Get SALT Encoding   

  12  0:00  Drone  
  13  0:12  Overlord  
  13  0:17  Drone  
  14  0:30  Drone x2  
  16  0:36  Drone  
  17  0:51  Hatchery  
  17  0:54  Drone  
  17  0:57  Drone  
  18  1:10  Extractor  
  17  1:12  Spawning Pool  
  17  1:14  Drone  
  17  1:20  Drone  
  18  1:27  Drone  
  19  1:40  Drone  
  20  1:50  Overlord  
  20  1:58  Queen  
  22  2:03  Drone, Queen  
  22  2:04  Zergling x2  
  26  2:11  Metabolic Boost  
  26  2:12  Zergling x2  
  26  2:14  Drone  
  28  2:21  Drone  
  29  2:25  Drone  
  30  2:32  Drone  
  31  2:37  Hatchery  
  31  2:39  Drone  
  31  2:45  Queen  
  31  2:49  Overlord  
  33  2:53  Drone  
  34  3:01  Drone  
  35  3:08  Zergling x2  
  35  3:12  Queen  
  36  3:13  Overlord  
  36  3:14  Drone x3  
  36  3:17  Drone x2  
  43  3:20  Drone  
  44  3:30  Queen, Overlord  
  44  3:32  Drone  
  44  3:33  Drone  
  48  3:34  Drone  
  48  3:40  Drone  
  50  3:44  Overlord  
  50  3:46  Drone x2  
  52  3:53  Roach Warren, Queen  
  53  3:56  Drone  
  53  3:57  Drone  
  53  3:59  Overlord  
  55  4:05  Drone x2  
  55  4:06  Drone x2  
  59  4:12  Overlord  
  59  4:13  Drone x2  
  59  4:15  Zergling x2  
  62  4:18  Spore Crawler  
  62  4:21  Zergling x6  
  64  4:25  Overlord  
  64  4:27  Spore Crawler  
  64  4:28  Overlord  
  64  4:30  Zergling x2  
  64  4:33  Drone  
  64  4:34  Spore Crawler  
  64  4:35  Zergling x2  
  66  4:38  Zergling x6  
  66  4:41  Zergling x4  
  69  4:48  Zergling x4  
  69  4:50  Drone x3  
  69  4:51  Lair  
  74  4:54  Extractor, Overlord  
  74  4:58  Overlord  
  72  5:00  Drone  
  72  5:04  Drone  
  72  5:05  Drone  
  75  5:08  Overlord  
  75  5:11  Roach x3  
  75  5:12  Overlord  
  75  5:13  Drone  
  82  5:15  Extractor  
  82  5:17  Roach  
  82  5:20  Drone x3  
  86  5:23  Overlord  
  86  5:25  Drone  
  86  5:27  Roach  
  86  5:28  Roach  
  91  5:32  Evolution Chamber  
  91  5:33  Drone x3  
  93  5:35  Extractor  
  93  5:36  Drone x3  
  93  5:38  Drone  
  96  5:43  Drone  
  96  5:44  Drone x3  
  96  5:47  Extractor  
  98  5:50  Drone, Glial Reconstitution  
  98  5:51  Drone  
  98  5:53  Extractor  
  105  5:57  Roach x3  
  105  5:59  Zerg Missile Weapons Level 1  
  105  6:00  Drone x3  
  108  6:05  Overlord  
  108  6:06  Drone x2  
  108  6:07  Roach  
  108  6:08  Overlord  
  111  6:17  Drone  
  112  6:20  Overlord  
  112  6:22  Drone  
  112  6:23  Overlord  
  113  6:26  Hatchery  
  113  6:28  Roach x2  
  116  6:33  Drone, Baneling Nest  
  116  6:34  Overseer, Roach x2  
  116  6:37  Drone  
  116  6:38  Ravager x2  
  123  6:41  Drone, Overlord  
  123  6:44  Roach x2  
  128  6:49  Roach x2, Overlord  
  128  6:52  Zergling x8  
  136  6:58  Roach x3  
  142  7:03  Roach x3  
  148  7:08  Ravager x2  
  148  7:10  Roach x4  
  148  7:14  Roach  
  148  7:15  Roach x2  
  164  7:19  Roach  
  163  7:26  Roach x4  
  165  7:32  Roach  
  142  7:38  Roach x4  
  142  7:41  Roach x5  
  147  7:47  Roach  
  139  7:51  Roach x6  
  139  7:58  Ravager x2  
  152  7:59  Zergling x2  
  152  8:02  Roach  
  152  8:03  Extractor, Roach  
  152  8:04  Extractor  
  156  8:07  Roach  
  156  8:08  Roach x3  
  156  8:10  Zergling x2  
  151  8:14  Drone  
  151  8:17  Zerg Melee Weapons Level 1  
  151  8:19  Zergling x2  
  153  8:20  Ravager  
  153  8:24  Zergling x4  
  156  8:28  Ravager  
  156  8:32  Hatchery  
  156  8:33  Queen  
  158  8:35  Zergling x6  
  158  8:40  Queen  
  163  8:41  Zergling x12  
  163  8:42  Ravager  
  163  8:44  Zergling x2  
  163  8:45  Zergling x2  
  163  8:48  Zergling x2  
  173  8:56  Zergling x4  
  173  8:58  Drone  
  173  9:01  Infestation Pit  
  172  9:06  Roach x5  
  179  9:10  Baneling  
  179  9:11  Baneling  
  179  9:15  Roach  
  180  9:20  Roach x4  
  182  9:24  Roach  
  182  9:25  Roach  
  182  9:31  Roach x2  
  178  9:38  Drone x6  
  178  9:45  Zergling x2  
  178  9:46  Ravager  
  178  9:49  Drone x3  
  176  9:55  Zergling x2  
  176  9:59  Hatchery  
  176  10:00  Overlord  
  176  10:03  Zergling x16  
  176  10:06  Overlord  
  184  10:12  Overlord  
  184  10:16  Baneling x8  
  184  10:17  Overlord  
  184  10:18  Zergling x10, Queen  
  189  10:24  Hive  
  189  10:25  Drone x2  
  189  10:27  Spire  
  189  10:28  Spine Crawler  
  189  10:29  Zergling x4  
  189  10:34  Centrifugal Hooks  
  191  10:38  Zergling x18  
  196  10:43  Zergling x8  
  196  10:45  Zerg Melee Weapons Level 2  
  198  10:52  Drone x4  
  198  10:53  Overlord  
  198  10:57  Drone  
  200  11:05  Baneling x13  
  200  11:08  Baneling x9, Overlord x2  
  198  11:16  Zergling x2  
  198  11:17  Zergling x6  
  200  11:19  Baneling x8  
  200  11:20  Overlord  
  200  11:23  Zergling x2  
  200  11:32  Overlord  
  200  11:38  Zergling x8  
  200  11:44  Zergling x4  
  197  11:57  Zergling x12  
  199  12:04  Hatchery  
  195  12:09  Zergling x14  
  189  12:24  Zergling x26  
  185  12:30  Zergling x14  
  185  12:33  Roach  
  187  12:40  Roach x3  
  187  12:42  Queen x3  
  195  12:44  Roach  
  195  12:47  Roach  
  195  12:48  Baneling x24  
  199  12:57  Baneling x9  
  199  12:58  Overlord  
  199  13:02  Zergling x10  
  193  13:10  Zergling x6  
  191  13:16  Zergling x2  
  165  13:20  Roach  
  165  13:21  Roach x5  
  165  13:24  Roach x6  
  177  13:31  Drone x2  
  170  13:50  Hatchery  
Tags
 
Add a new tag
Caveats
  • Supply blocks, unpowered buildings, or Contaminate may cause inaccurate times.
  • Supply counts are checked every 10 seconds.